 Dungeon Crawl Stone Soup version 0.20-a0-217-g17e8ceb (webtiles) character file.

6979 KristoblXynda the Blocker (level 11, 0/75 HPs)
             Began as a Formicid Fighter on Nov 28, 2016.
             Was a Follower of Uskayaw.
             Slain by a wight
             ... wielding a +1 mace
              (4 damage)
             ... on level 10 of the Dungeon.
             The game lasted 00:22:49 (8011 turns).

KristoblXynda the Blocker (Formicid Fighter)        Turns: 8011, Time: 00:22:50

Health: 0/75       AC: 19    Str: 22    XL:     11   Next: 28%
Magic:  11/11      EV: 10    Int: 10    God:    Uskayaw [*.....]
Gold:   460        SH: 12    Dex: 10    Spells: 10/10 levels left

rFire  . . .     SeeInvis +     a - +0 war axe
rCold  + + .     Gourm    .     r - +3 scale mail {rC+}
rNeg   . . .     Faith    .     c - +0 shield
rPois  .         Spirit   .     (helmet unavailable)
rElec  .         Reflect  .     u - +0 cloak
rCorr  +         Harm     .     (no gloves)
MR     +....                    (no boots)
Stlth  ..........               (no amulet)
                                j - ring of protection from cold
                                d - ring of resist corrosion

@: no status effects
A: permanent stasis, dig shafts and tunnels, four strong arms, antennae 3, icy
blue scales 1, slimy green scales 1, thin metallic scales 1
a: Dig, Shaft Self, Stomp, Renounce Religion


You were on level 10 of the Dungeon.
You worshipped Uskayaw.
Uskayaw was noncommittal.
You were not hungry.

You visited 2 branches of the dungeon, and saw 11 of its levels.

You collected 460 gold pieces.

Inventory:

Hand Weapons
 a - a +0 war axe (weapon)
 i - a +0 broad axe
Missiles
 k - 16 javelins (quivered)
Armour
 c - a +0 shield (worn)
 r - a +3 scale mail of cold resistance (worn)
 u - a +0 cloak (worn)
Jewellery
 d - a ring of resist corrosion (left hand)
 j - a ring of protection from cold (right hand)
 v - an uncursed ring of protection from cold
Wands
 e - a wand of paralysis (10/24)
Scrolls
 g - 2 scrolls of immolation
 l - a scroll of identify
 n - 2 scrolls of remove curse
 p - a scroll of magic mapping
 x - a scroll of enchant armour
Potions
 h - a potion of brilliance
 m - a potion of cure mutation
Books
 b - a book of Conjurations

   Spells                             Type                      Level
   a - Magic Dart                     Conjuration                  1
   b - Searing Ray                    Conjuration                  2
   c - Dazzling Spray                 Conjuration/Hexes            3
   d - Fulminant Prism                Conjuration/Hexes            4
   e - Iskenderun's Mystic Blast      Conjuration                  4
   f - Iskenderun's Battlesphere      Conjuration/Charms           5
 q - a book of Changes

   Spells                             Type                      Level
   a - Beastly Appendage              Transmutation                1
   b - Sticks to Snakes               Transmutation                2
   c - Spider Form                    Transmutation/Poison         3
   d - Ice Form                       Ice/Transmutation            4
   e - Blade Hands                    Transmutation                5
 w - Tos Wiat's Collected Works on Ice and Attacks
   (You found it on level 7 of the Dungeon)

   Spells                             Type                      Level
   a - Ozocubu's Armour               Charms/Ice                   3
   b - Conjure Flame                  Conjuration/Fire             3
   c - Freezing Cloud                 Conjuration/Ice/Air          6
Comestibles
 f - 7 bread rations
 o - 12 fruits
 s - 2 beef jerkies
 t - 6 slices of pizza


   Skills:
 - Level 3.2 Fighting
 + Level 9.8 Axes
 - Level 10.9 Armour
 + Level 11.9 Shields
 + Level 0.5 Invocations


You had 10 spell levels left.
You didn't know any spells.

Dungeon Overview and Level Annotations

Branches:
Dungeon (10/15)            Temple (1/1) D:5
   Lair: D:8-11         Orc: D:9-12

Altars:
Ashenzari
Cheibriados
Dithmenos
Elyvilon
Fedhas
Gozag
Hepliaklqana
Kikubaaqudgha
Makhleb
Nemelex Xobeh
Okawaru
Qazlal
Ru
Sif Muna
Trog
Uskayaw
Vehumet
Xom
Yredelemnul
Zin
The Shining One

Shops:
D:5 :(   D:6 (

Annotations:
D:8 Erica


Innate Abilities, Weirdness & Mutations

You cannot be hasted, slowed, berserked, paralysed or teleported.
You can dig through walls and to a lower floor.
Your four strong arms can wield two-handed weapons with a shield.
You have a pair of large antennae on your head. (SInv)
You are partially covered in icy blue scales. (AC +2)
You are partially covered in slimy green scales. (AC +2)
You are partially covered in thin metallic scales. (AC +2)


Message History

A mummy comes into view.
You block the killer bee zombie's attack.
You block the unseen horror's attack. The unseen horror barely misses you.
You block the necrophage's attack. The unseen horror closely misses you.
The unseen horror closely misses you.
The unseen horror hits you but does no damage.
The wight misses you. The unseen horror hits you.
* * * LOW HITPOINT WARNING * * *
The unseen horror hits you but does no damage.
You block the unseen horror's attack.
Unknown command.
You hit the unseen horror.
The unseen horror is lightly wounded.
You hit the wight.
The unseen horror hits you but does no damage.
You block the unseen horror's attack.
The wight hits you with an enchanted mace.
You die...

######## .......# ######
.......### #8P..#
.........#####....#
....o..#..##..n..8###
...<...+....ZZl8.P.>#
.......##..#.{#z#x.#####
.......###...{#.@.......
..#...## #.{#.####.####+
..###.# #..#... # .. #.#
M....#### . ..#......# .
##....... {


You could see a komodo dragon, an unseen horror (invisible), a necrophage, a
wight and a killer bee zombie.

Vanquished Creatures
  Joseph (D:9)
  Grinder (D:4)
  A hippogriff (D:9)
  Sigmund (D:5)
  A wyvern (D:7)
  3 hogs (D:7)
  A human (D:7)
  6 yaks
  A hungry ghost (D:6)
  Menkaure (D:4)
  An acid dragon (D:8)
  A water moccasin (D:7)
  2 sky beasts (D:6)
  7 ogres
  5 phantoms
  3 centaurs
  3 big kobolds
  6 bullfrogs
  A gnoll sergeant (D:9)
  2 scorpions
  3 killer bees (D:7)
  3 wights (D:7)
  The ghost of Lochraine the Magician, a weakling DrEE (D:3)
  A howler monkey (D:8)
  4 crimson imps
  A bullfrog zombie (D:5)
  2 centaur zombies (D:5)
  2 jellies
  4 hounds
  7 orc wizards
  Crazy Yiuf (D:3)
  A gnoll shaman (D:5)
  5 orc priests
  Jessica (D:3)
  3 iguanas
  9 worker ants
  A hound zombie (D:5)
  2 worker ant zombies (D:5)
  13 gnolls
  10 adders
  2 shadow imps
  An ooze (D:2)
  A worm (D:3)
  2 adder skeletons
  3 dart slugs
  10 leopard geckos
  24 orcs
  6 giant cockroaches
  7 goblins
  11 hobgoblins
  14 jackals
  4 quokkas
  2 ball pythons
  5 bats
  9 frilled lizards
  A jackal skeleton (D:4)
  23 kobolds
  3 quokka skeletons
  9 rats
259 creatures vanquished.

Notes
Turn   | Place    | Note
-------+----------+-------------------------------------------
     0 | D:1      | KristoblXynda the Formicid Fighter began the quest for the Orb.
     0 | D:1      | Reached XP level 1. HP: 18/18 MP: 1/1
   416 | D:1      | Reached XP level 2. HP: 21/24 MP: 2/2
   780 | D:2      | Reached skill level 4 in Shields
   780 | D:2      | Reached XP level 3. HP: 27/29 MP: 3/3
  1156 | D:2      | Reached XP level 4. HP: 23/35 MP: 4/4
  1392 | D:3      | Found a faded altar of an unknown god.
  1467 | D:3      | Noticed Lochraine's ghost (weakling DrEE)
  1502 | D:3      | Killed Lochraine's ghost
  1502 | D:3      | Reached XP level 5. HP: 31/41 MP: 5/5
  1700 | D:3      | Noticed Jessica
  1712 | D:3      | Killed Jessica
  1712 | D:3      | Reached skill level 5 in Shields
  1745 | D:3      | Found a runed door.
  1893 | D:3      | Noticed Crazy Yiuf
  1900 | D:3      | Killed Crazy Yiuf
  1900 | D:3      | Reached XP level 6. HP: 32/47 MP: 6/6
  2118 | D:4      | Noticed an ogre
  2138 | D:4      | Reached skill level 5 in Armour
  2177 | D:4      | Killed an ogre
  2177 | D:4      | Reached XP level 7. HP: 13/52 MP: 7/7
  2372 | D:4      | Noticed Grinder
  2381 | D:4      | Gained mutation: You are partially covered in thin metallic scales. (AC +2) [potion of mutation]
  2381 | D:4      | Gained mutation: You are partially covered in slimy green scales. (AC +2) [potion of mutation]
  2381 | D:4      | Gained mutation: You are partially covered in icy blue scales. (AC +2) [potion of mutation]
  2427 | D:4      | Killed Grinder
  2427 | D:4      | Reached skill level 6 in Shields
  2428 | D:4      | HP: 2/52 [dart slug/slug dart (1)]
  2813 | D:4      | Reached skill level 5 in Axes
  2813 | D:4      | Reached XP level 8. HP: 58/58 MP: 8/8
  2890 | D:4      | Noticed Menkaure
  2898 | D:4      | Killed Menkaure
  2898 | D:4      | Reached skill level 7 in Shields
  3243 | D:5      | Entered Level 5 of the Dungeon
  3433 | D:5      | Found Naahin's Weapon Shop.
  3498 | D:5      | Found a staircase to the Ecumenical Temple.
  3501 | D:5      | Noticed Sigmund
  3507 | Temple   | Entered the Ecumenical Temple
  3611 | Temple   | Became a worshipper of Uskayaw the Reveler
  3679 | D:5      | Reached * piety under Uskayaw
  3681 | D:5      | Reached ** piety under Uskayaw
  3682 | D:5      | Killed Sigmund
  3682 | D:5      | Reached skill level 8 in Shields
  3682 | D:5      | Reached XP level 9. HP: 59/64 MP: 9/9
  3827 | D:5      | Reached *** piety under Uskayaw
  3829 | D:5      | Reached **** piety under Uskayaw
  4062 | D:5      | Found Zauckiwiap's Book Boutique.
  4492 | D:6      | Reached skill level 9 in Shields
  4497 | D:6      | Reached ***** piety under Uskayaw
  4780 | D:6      | Found Ixtomomm's Weapon Shoppe.
  4902 | D:6      | Got a heavily runed jade ring
  5092 | D:6      | Reached XP level 10. HP: 55/70 MP: 10/10
  5237 | D:6      | Found a glowing drain.
  5540 | D:7      | Reached skill level 10 in Shields
  5561 | D:7      | Identified the ring "Dats" {Ice MR+ Int-3 Dex+3} (You found it on level 6 of the Dungeon)
  6223 | D:7      | Reached skill level 10 in Armour
  6237 | D:7      | Reached skill level 11 in Shields
  6335 | D:7      | Identified Tos Wiat's Collected Works on Ice and Attacks
  7251 | D:8      | Noticed Erica
  7257 | D:9      | Noticed Joseph
  7281 | D:9      | Killed Joseph
  7281 | D:9      | Reached XP level 11. HP: 48/75 MP: 11/11
  7497 | D:9      | Reached ****** piety under Uskayaw
  7983 | D:10     | Entered Level 10 of the Dungeon
  7995 | D:10     | Noticed an unseen horror
  8011 | D:10     | Slain by a wight

Vault maps used:
D:1:      dpeg_arrival_water_temple_mockup
D:2:      first_bread, grunt_ministairs_1
D:3:      cheibrodos_greedy_goblins, chequers_ecumenical_altar_simple,
          uniq_crazy_yiuf_cottage, uniq_jessica
D:4:      uniq_grinder, uniq_menkaure
D:5:      serial_shops, nicolae_shop_trees, shop, uniq_sigmund
D:6:      portal_sewer_entry_f, serial_shops, shop, item_on_display_a
D:7:      kennysheep_six_static_rooms, grunt_livestock,
          kennysheep_generic_room_7
D:8:      uniq_erica
D:9:      uniq_joseph
D:10:     minmay_lair_entry_grove, serial_undead, serial_undead_e,
          serial_undead_b, serial_undead_d, serial_undead_c, serial_undead_f,
          serial_undead_b, kennysheep_generic_room_9, uniq_snorg, uniq_josephine
Temple:   kilobyte_greek_temple

Skill      XL: |  1  2  3  4  5  6  7  8  9 10 |
---------------+-------------------------------+-----
Shields        | 4 5 6 8 9 11 | 11.9
Armour         | 4 5 6 7 9 10 | 10.9
Axes           | 3 4 5 6 7 9 |  9.8
Fighting       | |  3.2
Invocations    | |  0.5

Action                   |  1- 3 |  4- 6 |  7- 9 | 10-12 || total
-------------------------+-------+-------+-------+-------++-------
Melee: War axe           |   132 |   155 |   395 |   502 ||  1184
Throw: Javelin           |       |       |     9 |       ||     9
Evoke: Wand              |       |       |       |     2 ||     2
  Use: Potion            |     2 |     3 |     3 |     2 ||    10
       Scroll            |       |     8 |     2 |     4 ||    14
 Stab: Paralysed         |       |       |    11 |    26 ||    37
  Eat: Chunk             |     1 |     1 |     5 |     6 ||    13
       Royal jelly       |       |     1 |       |     1 ||     2
       Beef jerky        |       |     1 |       |     1 ||     2
       Meat ration       |       |       |     1 |       ||     1
       Pizza             |       |       |     1 |     1 ||     2
Armor: Scale mail        |    52 |    72 |   163 |   229 ||   516
       Skin              |       |       |     4 |       ||     4
Dodge: Dodged            |    44 |    82 |   135 |   164 ||   425
Block: Shield            |    76 |    92 |   238 |   333 ||   739
